 Dungeon Crawl Stone Soup version 0.29.1-1-gd02db6906a (webtiles) character file.

Game seed: 8006293341395162940

84 sankara the Ruffian (level 4, -1/38 HPs)
             Began as a Minotaur Gladiator on Oct 20, 2022.
             Slain by an orc wizard
             ... wielding a +0 dagger
              (3 damage)
             ... on level 3 of the Dungeon.
             The game lasted 00:03:39 (1727 turns).

sankara the Ruffian (Minotaur Gladiator)            Turns: 1727, Time: 00:03:40

Health: -1/38      AC:  4    Str: 19    XL:     4   Next: 24%
Magic:  3/3        EV: 12    Int:  5    God:
Gold:   136        SH:  0    Dex: 13    Spells: 3/3 levels left

rFire   . . .      SeeInvis .     - Unarmed
rCold   . . .      Faith    .   (no shield)
rNeg    . . .      Spirit   .   a - +0 leather armour
rPois   .          Reflect  .   b - +0 hat
rElec   .          Harm     .   (no cloak)
rCorr   .          Rampage  .   (no gloves)
Will    .....                   h - +0 pair of boots
Stlth   +.........              (no amulet)
HPRegen 0.12/turn               k - ring of wizardry
MPRegen 0.08/turn               (no ring)

@: no status effects
A: horns 2, retaliatory headbutt
a: no special abilities


You were on level 3 of the Dungeon.
You visited 1 branch of the dungeon, and saw 3 of its levels.

You collected 136 gold pieces.

Inventory:

Hand Weapons
 f - a +0 sling
Missiles
 c - 3 throwing nets
 d - a javelin
 e - 34 stones
Armour
 a - a +0 leather armour (worn)
 b - a +0 hat (worn)
 h - a +0 pair of boots (worn)
Jewellery
 k - a ring of wizardry (left hand)
Wands
 q - a wand of flame (26) (quivered)
 s - a wand of quicksilver (3)
Scrolls
 j - a scroll of silence {unknown}
 l - a scroll of fear {unknown}
 m - 2 scrolls of enchant weapon {unknown}
 p - a scroll of teleportation {unknown}
 r - a scroll of amnesia {unknown}
 u - a scroll of enchant armour {unknown}
Potions
 g - a potion of lignification {unknown}
 i - a potion of curing {unknown}
 n - a potion of heal wounds {unknown}
 o - 3 potions of mutation {unknown}
 t - 2 potions of brilliance {unknown}


   Skills:
 + Level 3.3 Fighting
 - Level 2.0 Throwing
 + Level 2.1 Armour
 - Level 3.2 Dodging
 * Level 4.6 Unarmed Combat


You had 3 spell levels left.
You didn't know any spells.
Your spell library was empty.

Dungeon Overview and Level Annotations

Branches:
Dungeon (3/15)

Altars:


Innate Abilities, Weirdness & Mutations

You have a pair of horns on your head.
You reflexively headbutt those who attack you in melee.


Message History

You bump into the rock wall.
You hear some strange, mumbled words.
You are more confused.
You hear some strange, mumbled words.
A puff of flame appears from out of thin air!
The puff of flame misses you.
You bump into the rock wall.
Something hits you but does no damage.
You barely miss something. Something hits you. Something hits you.
You bump into the rock wall.
Something hits you.
You bump into the rock wall.
Something hits you.
You hit something. Your punch misses something.
You hear some strange, mumbled words.
A magic dart appears from out of thin air!
The magic dart hits you.
You closely miss something. Your headbutt misses something.
Your punch misses something. Something hits you.
* * * LOW HITPOINT WARNING * * *
You completely miss something. Your headbutt misses something.
Something hits you but does no damage.
You closely miss something. Something hits you.
* * * LOW HITPOINT WARNING * * *
You completely miss something.
You feel less confused.
You hear some strange, mumbled words.
You are confused.
Something completely misses you.
You completely miss something. Something hits you but does no damage.
Something hits you.
* * * LOW HITPOINT WARNING * * *
You miss something. Something hits you but does no damage.
You miss something. You completely miss something.
You feel less confused.
You hear some strange, mumbled words.
A puff of flame appears from out of thin air!
The puff of flame hits you!
* * * LOW HITPOINT WARNING * * *
You miss something. You headbutt something. Something hits you.
You die...

### ..#####
##+#####.#...##
##......#.#....#
........#.#....#
.....<..#.@....#######
........#{....#......+
...>..)..............#
....#.#..........<...+
! # #..†...........#
..................+
...........#......#
#...........#......#
#.......#+#.#......#


There were no monsters in sight!

Vanquished Creatures
  Jessica (D:2)
  An adder (D:2)
  An orc (D:3)
  4 ball pythons
  4 endoplasms
  6 goblins
  2 hobgoblins (D:2)
  3 jackals (D:3)
  3 kobolds (D:1)
  4 quokkas
  5 bats
  6 frilled lizards
  6 rats
46 creatures vanquished.

Notes
Turn   | Place    | Note
-------+----------+-------------------------------------------
     0 | D:1      | sankara the Minotaur Gladiator began the quest for the Orb.
     0 | D:1      | Reached XP level 1. HP: 18/18 MP: 0/0
   228 | D:1      | Reached XP level 2. HP: 25/25 MP: 1/1
   536 | D:1      | Reached skill level 1 in Armour
   706 | D:1      | Reached skill level 4 in Unarmed Combat
   817 | D:1      | You fall into a shaft and drop 1 floor!
   834 | D:2      | Noticed Jessica
   847 | D:2      | Reached XP level 3. HP: 25/31 MP: 2/2
   981 | D:2      | Killed Jessica
  1060 | D:2      | Reached XP level 4. HP: 38/38 MP: 3/3
  1294 | D:2      | Found a faded altar of an unknown god.
  1727 | D:3      | Slain by an orc wizard

Illustrated notes

Levels and vault maps discovered:
D:1:      dpeg_arrival_water_temple_mockup, layout_loops_ring,
          grunt_decor_mini_mirrors, minmay_unequal
D:2:      layout_rooms, dreamdust_ecumenical_altar_hidden_monk_grotto,
          uniq_jessica
D:3:      layout_basic, minmay_rat_hole

Skill      XL: |  1  2  3  4 |
---------------+-------------+-----
Armour         | 1 2 |  2.1
Unarmed Combat | 4 |  4.6
Fighting       | 3 |  3.3
Throwing       | |  2.0
Dodging        | |  3.2

Action                   |  1- 3 |  4- 6 || total
-------------------------+-------+-------++-------
Melee: Unarmed           |    64 |    55 ||   119
       Headbutt          |    13 |     4 ||    17
       Punch             |     1 |     1 ||     2
Armor: Leather armour    |    15 |    18 ||    33
Dodge: Dodged            |    39 |    29 ||    68
